 Dungeon Crawl Stone Soup version 0.27-a0-660-g90476cec82 (webtiles) character file.

Game seed: 1324299962451767311

291 jasper the Caller (level 6, -2/44 HPs)
             Began as a Human Wanderer on Mar 16, 2021.
             Slain by an iguana (12 damage)
             ... on level 4 of the Dungeon.
             The game lasted 00:08:05 (4768 turns).

jasper the Caller (Human Wanderer)                  Turns: 4768, Time: 00:08:05

Health: -2/44      AC:  5    Str: 11    XL:     6   Next: 58%
Magic:  3/9        EV: 11    Int: 14    God:
Gold:   322        SH:  0    Dex: 14    Spells: 1/9 levels left

rFire    . . .     SeeInvis .   m - +2 dagger (venom)
rCold    . . .     Faith    .   (no shield)
rNeg     + . .     Spirit   .   c - +0 robe
rPois    .         Reflect  .   (no helmet)
rElec    .         Harm     .   (no cloak)
rCorr    .         Rampage  .   q - +2 pair of gloves
Will     .....                  (no boots)
Stlth    ++........             (no amulet)
HPRegen  0.14/turn              l - ring of positive energy
MPRegen  0.11/turn              (no ring)

@: about to teleport
A: no striking features
a: no special abilities


You were on level 4 of the Dungeon.
You visited 1 branch of the dungeon, and saw 4 of its levels.

You collected 322 gold pieces.

Inventory:

Hand Weapons
 a - a +0 dagger
 m - a +2 dagger of venom (weapon)
Missiles
 e - 58 stones
 g - 12 sling bullets
Armour
 c - a +0 robe (worn)
 q - a +2 pair of gloves (worn)
 r - a +3 ring mail
Jewellery
 d - a ring of flight
 l - a ring of positive energy (right hand)
Scrolls
 b - 5 scrolls of teleportation
 f - 5 scrolls of identify {unknown}
 h - 2 scrolls of fog {unknown}
 j - a scroll of amnesia {unknown}
 t - a scroll of fear {unknown}
 u - a scroll of enchant weapon {unknown}
 v - a scroll of enchant armour {unknown}
Potions
 i - 2 potions of curing {unknown}
 k - a potion of haste {unknown}
 n - a potion of lignification {unknown}
 o - a potion of attraction {unknown}
 p - a potion of cancellation {unknown}
 s - a potion of heal wounds {unknown}


   Skills:
 - Level 2.0 Fighting
 - Level 1.0 Stealth
 - Level 1.0 Shields
 - Level 2.4 Spellcasting
 + Level 3.0 Conjurations
 - Level 5.0 Summonings
 - Level 2.0 Translocations
 + Level 0.0 Fire Magic
 - Level 1.0 Evocations


You had one spell level left.
You knew the following spells:

 Your Spells              Type           Power      Damage    Failure   Level
a - Magic Dart            Conj           40%        1d5       7%          1
b - Blink                 Tloc           N/A        N/A       16%         2
c - Call Imp              Summ           15%        N/A       4%          2
d - Conjure Flame         Conj/Fire      5%         6-21      36%         3

Your spell library contained the following spells:

 Spells                   Type           Power      Damage    Failure   Level
 Slow                     Hex            1%         N/A       34%         2
 Mephitic Cloud           Conj/Pois/Air  4%         N/A       41%         3


Dungeon Overview and Level Annotations

Branches:
Dungeon (4/15)
 Temple: D:4-7

Altars:

Annotations:
D:2 Sigmund


Message History

You take 8 damage, and have 36/44 hp.
You now have 3/9 mp.
You hit the jackal skeleton.
You destroy the jackal skeleton!
The leopard gecko completely misses your crimson imp.
The iguana bites you.
Your crimson imp blinks!
Your crimson imp closely misses the frilled lizard.
The phantom hits you but does no damage.
You take 1 damage, and have 35/44 hp.
You hit the frilled lizard.
You kill the frilled lizard!
Your crimson imp barely misses the phantom.
The iguana bites you.
Your crimson imp blinks!
The phantom barely misses you.
You take 4 damage, and have 31/44 hp.
You hit the iguana.
The iguana is poisoned.
The iguana is lightly wounded.
Your crimson imp hits the phantom.
The leopard gecko closely misses you. The iguana bites you!
Your crimson imp hits the leopard gecko.
The phantom closely misses you.
You take 12 damage, and have 19/44 hp.
MASSIVE DAMAGE!!
You hit the iguana but do no damage.
The iguana looks even sicker.
The iguana is moderately wounded.
Your crimson imp closely misses the phantom.
The leopard gecko barely misses you.
The iguana hisses menacingly.
The iguana bites you!
* * * LOW HITPOINT WARNING * * *
Your crimson imp closely misses the leopard gecko.
The phantom hits you.
* * * LOW HITPOINT WARNING * * *
You take 10 damage, and have 9/44 hp.
MASSIVE DAMAGE!!
Okay, then.
As you read the scroll of teleportation, it crumbles to dust.
You feel strangely unstable. The leopard gecko barely misses you.
Your crimson imp completely misses the phantom.
The iguana bites you!
You die...

### #.#####. ##.## ####### #.#
#. #...# #......# ### #.
##.†.## ##......## #.
#.)...###........# #.
.......##...$$5..## #.
.......#...$..5... #.
###'#####...$$.ll# #.
#.....#(.....W@#
##.....##....[5########
#.......#).....'......# #.#
#.......########......# # #.#
#......†'....).'......#
.####.#
##.....####'####......# ......
##...##....##
#......######....
##.##......###......##........
###........##########.###....


You could see a phantom (ally target), an iguana (very poisoned, ally target), a
leopard gecko and 3 friendly crimson imps.

Vanquished Creatures
  A scorpion (D:4)
  An orc priest (D:3)
  5 adders
  A worm (D:2)
  4 dart slugs (D:1)
  2 leopard geckos
  3 orcs
  6 giant cockroaches
  3 goblins
  5 hobgoblins
  A jackal (D:4)
  3 quokkas
  A ball python (D:1)
  11 bats
  5 frilled lizards
  A jackal skeleton (D:4)
  8 kobolds
  11 rats
72 creatures vanquished.

Vanquished Creatures (collateral kills)
  2 ogres (D:4)
  2 adders (D:4)
  A worm (D:4)
  A dart slug (D:4)
  2 orcs
8 creatures vanquished.

Grand Total: 80 creatures vanquished

Notes
Turn   | Place    | Note
-------+----------+-------------------------------------------
     0 | D:1      | jasper the Human Wanderer began the quest for the Orb.
     0 | D:1      | jasper set off with the following items: a +0 dagger, 2
                  | scrolls of teleportation, a +0 robe; and the following
                  | spell memorised: Magic Dart; and the following spells
                  | available to memorise: Blink, Call Imp, Slow, Conjure
                  | Flame, Mephitic Cloud
     0 | D:1      | Reached XP level 1. HP: 16/16 MP: 3/3
   312 | D:1      | Reached XP level 2. HP: 18/22 MP: 0/5
   363 | D:1      | Learned a level 2 spell: Blink
  1012 | D:1      | Reached XP level 3. HP: 20/27 MP: 1/6
  1186 | D:1      | Learned a level 2 spell: Call Imp
  2114 | D:1      | Reached skill level 1 in Summonings
  2729 | D:1      | Reached XP level 4. HP: 18/33 MP: 1/7
  3116 | D:2      | Reached skill level 2 in Summonings
  3145 | D:2      | Noticed Sigmund
  3671 | D:3      | Reached skill level 3 in Summonings
  3671 | D:3      | Reached XP level 5. HP: 23/38 MP: 1/8
  3962 | D:4      | Reached skill level 4 in Summonings
  4332 | D:4      | Reached XP level 6. HP: 44/44 MP: 3/9
  4429 | D:4      | Noticed an ogre
  4463 | D:4      | Killed an ogre
  4659 | D:4      | Noticed an ogre
  4673 | D:4      | Killed an ogre
  4674 | D:4      | Reached skill level 5 in Summonings
  4678 | D:4      | Learned a level 3 spell: Conjure Flame
  4768 | D:4      | Slain by an iguana

Illustrated notes

Levels and vault maps discovered:
D:1:      roderic_octagonal_star, layout_basic, amcnicky_mini_corridor_feature,
          columned_hall_lemuel, nrook_campfire
D:2:      layout_rooms, minmay_small_reverse_x, uniq_sigmund
D:3:      layout_basic
D:4:      minmay_polygon_palace, layout_loops_ring, minmay_temple_entry_hall,
          portal_sewer_entry_d

Skill      XL: |  1  2  3  4  5  6 |
---------------+-------------------+-----
Conjurations   | 2 3 |  3.0
Summonings     | 1 3 4 5 |  5.0
Fighting       | |  2.0
Stealth        | |  1.0
Shields        | |  1.0
Spellcasting   | |  2.4
Translocations | |  2.0
Evocations     | |  1.0

Action                   |  1- 3 |  4- 6 || total
-------------------------+-------+-------++-------
Melee: Dagger            |    62 |    87 ||   149
 Cast: Magic Dart        |   110 |    33 ||   143
       Call Imp          |       |    24 ||    24
       Blink             |       |     2 ||     2
  Use: Scroll            |       |     1 ||     1
 Stab: Sleeping          |       |     1 ||     1
Armor: Robe              |    18 |    25 ||    43
Dodge: Dodged            |    52 |    65 ||   117

Table legend: (Time is in decaauts)
 A = Elapsed time spent in this place.
 B = Non-inter-level travel time spent in this place.
 C = Inter-level travel time spent in this place.
 D = Time resting spent in this place.
 E = Time spent auto-exploring this place.
 F = Levels seen in this place.
 G = Mean time per level.
                   A        B        C        D        E       F      G
               +--------+--------+--------+--------+--------+-----+--------+
         Total |   4771 |   4686 |     85 |   1463 |   2488 |   4 | 1192.8 |
       Dungeon |   4771 |   4686 |     85 |   1463 |   2488 |   4 | 1192.8 |
               +--------+--------+--------+--------+--------+-----+--------+

Top non-repeatable levels by time:
     D:1: 2813 daAuts
     D:4: 1068 daAuts
     D:2: 611 daAuts
     D:3: 277 daAuts
